 Dungeon Crawl Stone Soup version 0.30-a0-23-ge60ba3568b (webtiles) character file.

Game seed: 212357424769196515

58 themarg the Trooper (level 3, -10/34 HPs)
             Began as a Minotaur Berserker on Aug 25, 2022.
             Was a Believer of Trog.
             Mangled by Sigmund
             ... wielding a +0 scythe
              (11 damage)
             ... on level 2 of the Dungeon.
             The game lasted 00:03:22 (1862 turns).

themarg the Trooper (Minotaur Berserker)            Turns: 1862, Time: 00:03:22

Health: -10/34     AC:  2    Str: 23    XL:     3   Next: 76%
Magic:  2/2        EV: 12    Int:  4    God:    Trog [**....]
Gold:   59         SH:  0    Dex:  9    Spells: 2/2 levels left

rFire   . . .      SeeInvis .    a - +0 hand axe
rCold   . . .      Faith    .    (no shield)
rNeg    . . .      Spirit   .    b - +0 animal skin
rPois   .          Reflect  .    (helmet restricted)
rElec   .          Harm     .    (no cloak)
rCorr   .          Rampage  .    (no gloves)
Will    .....                    (no boots)
Stlth   +.........               (no amulet)
HPRegen 0.11/turn                (no ring)
MPRegen 0.08/turn                (no ring)

@: no status effects
A: horns 2, retaliatory headbutt
a: Renounce Religion, Berserk, Trog's Hand


You were on level 2 of the Dungeon.
You worshipped Trog.
Trog was pleased with you.
You visited 1 branch of the dungeon, and saw 3 of its levels.

You collected 59 gold pieces.

Inventory:

Hand Weapons
 a - a +0 hand axe (weapon)
Armour
 b - a +0 animal skin (worn)
 k - a +0 ring mail
Jewellery
 c - a ring of ice
Scrolls
 d - a scroll of noise {unknown}
 e - a scroll of enchant armour {unknown}
 g - 4 scrolls of identify {unknown}
 h - a scroll of blinking {unknown}
 i - 3 scrolls of teleportation {unknown}
 j - a scroll of poison {unknown}
Potions
 f - a potion of degeneration {unknown}


   Skills:
 + Level 4.6 Fighting
 + Level 4.5 Axes
 + Level 2.5 Armour
 + Level 2.6 Dodging
 + Level 0.2 Stealth


You had 2 spell levels left.
You didn't know any spells.
Your spell library was empty.

Dungeon Overview and Level Annotations

Branches:
Dungeon (3/15)

Altars:

Annotations:
D:2 Sigmund


Innate Abilities, Weirdness & Mutations

You have a pair of horns on your head.
You reflexively headbutt those who attack you in melee.


Message History

Sigmund gestures at you while chanting. The puff of flame hits you!
You're too confused to move!
Sigmund closely misses you. Sigmund barely misses you.
Sigmund hits you with a +0 scythe!
* * * LOW HITPOINT WARNING * * *
Okay, then.
You barely miss Sigmund.
Sigmund is moderately wounded.
Sigmund misses you. Sigmund barely misses you.
You closely miss Sigmund.
Sigmund is moderately wounded.
You feel less confused.
You hit Sigmund.
Sigmund is moderately wounded.
Sigmund hits you with a +0 scythe.
* * * LOW HITPOINT WARNING * * *
You hit Sigmund.
Sigmund is heavily wounded.
Sigmund barely misses you. You furiously retaliate!
You headbutt Sigmund. You hit Sigmund but do no damage.
Your headbutt misses Sigmund.
Sigmund is severely wounded.
You barely miss Sigmund.
Sigmund is severely wounded.
Sigmund hits you with a +0 scythe.
* * * LOW HITPOINT WARNING * * *
You hit Sigmund.
Sigmund is almost dead.
Sigmund gestures at you while chanting. You resist with significant effort.
You closely miss Sigmund.
Sigmund is almost dead.
Sigmund casts a spell at you. The magic dart hits you.
* * * LOW HITPOINT WARNING * * *
You hit Sigmund but do no damage.
Sigmund is almost dead.
Sigmund hits you with a +0 scythe!
You die...

.# #..#.....## .#
###.##.....#### .#
#...##........# .#
##'#####.......#
.####.....##.......#
....+.....++.......+
...##.....##.......#
...##..............#
...##...........@..####
>..''............@......#
...##.........###########
...#..........#
#'##........#.#
#..'........'.#
####........###
#........# #........#


You could see Sigmund.

Vanquished Creatures
  2 adders (D:2)
  A worm (D:2)
  An orc (D:3)
  3 bats
  3 endoplasms (D:1)
  3 giant cockroaches
  4 goblins
  7 hobgoblins
  2 kobolds (D:1)
  A quokka (D:1)
  3 ball pythons (D:2)
  A frilled lizard (D:3)
  A rat (D:1)
32 creatures vanquished.

Notes
Turn   | Place    | Note
-------+----------+-------------------------------------------
     0 | D:1      | themarg the Minotaur Berserker began the quest for the Orb.
     0 | D:1      | Reached XP level 1. HP: 19/19 MP: 0/0
   517 | D:1      | Reached XP level 2. HP: 25/27 MP: 1/1
   650 | D:1      | HP: 2/40 [quokka (4)]
   995 | D:1      | Found a faded altar of an unknown god.
  1405 | D:2      | You fall into a shaft and drop 1 floor!
  1439 | D:3      | Reached XP level 3. HP: 28/34 MP: 2/2
  1573 | D:2      | Reached ** piety under Trog
  1842 | D:2      | Noticed Sigmund
  1861 | D:2      | HP: 1/34 [Sigmund/magic dart (2)]
  1862 | D:2      | Mangled by Sigmund

Illustrated notes

Levels and vault maps discovered:
D:1:      dpeg_arrival_boxorama, layout_loops_ring,
          ebering_ecumenical_altar_petrified
D:2:      layout_basic, kennysheep_generic_room_5, uniq_sigmund,
          uniq_crazy_yiuf_cottage
D:3:      layout_loops_corners, uniq_grinder, uniq_terence, uniq_robin

Skill      XL: |  1  2 |
---------------+-------+-----
Fighting       | 4 |  4.6
Axes           | 4 |  4.5
Armour         | |  2.5
Dodging        | |  2.6
Stealth        | |  0.2

Action                   || total
-------------------------++-------
Melee: Hand axe          ||    79
       Headbutt          ||     4
       Punch             ||     2
Invok: Berserk           ||     1
Armor: Animal skin       ||     9
Dodge: Dodged            ||    46

Table legend: (Time is in decaauts)
 A = Elapsed time spent in this place.
 B = Non-inter-level travel time spent in this place.
 C = Inter-level travel time spent in this place.
 D = Time resting spent in this place.
 E = Time spent auto-exploring this place.
 F = Levels seen in this place.
 G = Mean time per level.
                   A        B        C        D        E       F      G
               +--------+--------+--------+--------+--------+-----+--------+
         Total |   1875 |   1851 |     24 |    409 |   1176 |   3 |  625.0 |
       Dungeon |   1875 |   1851 |     24 |    409 |   1176 |   3 |  625.0 |
               +--------+--------+--------+--------+--------+-----+--------+

Top non-repeatable levels by time:
     D:1: 1275 daAuts
     D:2: 461 daAuts
     D:3: 138 daAuts
